 Dungeon Crawl Stone Soup version 0.31-a0-977-gc230f8ef24 (webtiles) character file.

Game seed: 2834546207068443938

2086 Dordric the Grappler (level 9, 64/64 HPs)
             Began as a Pale Draconian Shapeshifter on Oct 30, 2023.
             Was an Initiate of Ru.
             Quit the game on level 3 of the Dungeon.
             The game lasted 00:08:34 (4792 turns).

Dordric the Grappler (Pale Draconian Shapeshifter)  Turns: 4792, Time: 00:08:34

Health: 64/64      AC: 13    Str: 18    XL:     9   Next: 6%
Magic:  9/9        EV: 27    Int: 11    God:    Ru [......]
Gold:   244        SH:  0    Dex: 13    Spells: 8/8 levels left

rFire   x .          .
                       - Unarmed
rCold   x . .        (shield currently unavailable)
rNeg    . . .        (body armour unavailable)
rPois   .            (helmet restricted)
rElec   .            n - +0 cloak
rCorr   .            t - +0 pair of gloves
SInv    .            (no boots)
Will    .....        j - amulet of the acrobat
Stlth   +            k - +4 ring of protection
HPRegen 0.30/turn    (no ring)
MPRegen 0.11/turn

%: acrobat
@: flux-form, acrobatic, glowing
A: glow, contaminating, breathe steam, AC +7, unfitting armour, cold-blooded,
temperature sensitive, steam resistance
a: Breathe Steam, Begin Untransformation, Renounce Religion


You were on level 3 of the Dungeon.
You worshipped Ru.
Ru was noncommittal.
You were something dangerously unstable.
You visited 2 branches of the dungeon, and saw 6 of its levels.
You also visited: Sewer.

You collected 244 gold pieces.

Inventory:

Armour
 n - a +0 cloak (worn)
 t - a +0 pair of gloves (worn)
Jewellery
 j - an amulet of the acrobat (around neck)
 k - a +4 ring of protection (left hand)
 o - an amulet of magic regeneration
 q - a ring of positive energy
Talismans
 b - a beast talisman
 c - a flux talisman (active)
Wands
 g - a wand of paralysis (2)
Scrolls
 d - a scroll of amnesia
 e - a scroll of blinking
 f - a scroll of enchant weapon
 l - 2 scrolls of vulnerability
 u - a scroll of fog {unknown}
 w - a scroll of identify
 y - a scroll of noise {unknown}
 z - 2 scrolls of revelation {unknown}
 A - a scroll of teleportation {unknown}
Potions
 a - 2 potions of lignification
 h - 2 potions of curing {unknown}
 i - 2 potions of might {unknown}
 m - 3 potions of invisibility {unknown}
 p - a potion of haste {unknown}
 r - 5 potions of degeneration {unknown}
 s - a potion of brilliance {unknown}
 v - a potion of heal wounds {unknown}
 x - 2 potions of ambrosia {unknown}


   Skills:
 - Level 1.1 Fighting
 - Level 1.7 Dodging
 + Level 10.3 Unarmed Combat
 - Level 7.0 Shapeshifting


You had 8 spell levels left.
You didn't know any spells.
Your spell library contained the following spells:

 Spells                   Type           Power      Damage    Failure   Level
 Sublimation of Blood     Necr           0%         N/A       47%         2
 Wereblood                Tmut           0%         N/A       47%         2
 Ozocubu's Armour         Ice            0%         N/A       71%         3
 Tukima's Dance           Hex            0%         N/A       71%         3
 Passage of Golubria      Tloc           0%         N/A       98%         4
 Yara's Violent Unravell  Hex/Tmut       0%         3d3       100%        5
 Ozocubu's Refrigeration  Ice            0%         4d7       100%        7
 Summon Hydra             Summ           0%         N/A       100%        7


Dungeon Overview and Level Annotations

Branches:
Dungeon (5/15)             Temple (1/1) D:5           Sewer (visited)

Altars:
Ashenzari
Cheibriados
Dithmenos
Elyvilon
Fedhas
Gozag
Kikubaaqudgha
Makhleb
Nemelex Xobeh
Okawaru
Ru
Sif Muna
Uskayaw
Xom
The Shining One

Annotations:
D:3 3 runed translucent doors, Stellion's ghost, amateur SpBr


Innate Abilities, Weirdness & Mutations

You are something dangerously unstable.
You glow with magical radiation, making you easy to see and hit.
Foes you strike become dangerously contaminated with magical radiation.
You are incapable of wielding weapons or throwing items.
You can breathe blasts of scalding, opaque steam.
Your pale cyan-grey scales are hard. (AC +7)
You cannot fit into any form of body armour.
You are cold-blooded and may be slowed by cold attacks.
You are sensitive to extremes of temperature. (rF-, rC-)
You are immune to the effects of steam.


Message History

Moving in this stuff is going to be slow.
You enter the shallow water.
Moving in this stuff is going to be slow.
You enter the shallow water.
Moving in this stuff is going to be slow.
You enter the shallow water.
Moving in this stuff is going to be slow.
Search for what [Enter for "glove", or ? for help]? ru You enter the shallow water.
Moving in this stuff is going to be slow.
Key pressed, stopping travel.
Unknown command.
Search for what [Enter for "ru", or ? for help]?
There is a staircase back to the Dungeon here.
You climb upwards.
Welcome back to the Dungeon!
There is a staircase to the Ecumenical Temple here.
Things that are here:
7 poisoned darts; a +0 dagger
Things that are here:
a curare-tipped dart; a +0 whip
Things that are here:
a curare-tipped dart; a +0 dagger
There is a stone staircase leading up here.
You climb upwards.
There is a stone staircase leading down here.
There is a stone staircase leading up here.
You climb upwards.
Level annotation: 3 runed translucent doors, Stellion's ghost, amateur SpBr
There is a stone staircase leading down here.
The kobold shouts! x3
Stellion's ghost turns its malevolent gaze towards you.
The kobold brigand shouts!
The kobold shouts! x4
Stellion's ghost whispers, "There is no future for you."
There is an open door here.
There is a sacrificial altar of Ru here.
You kneel at the altar of Ru.
You have lost your religion!
Okawaru does not appreciate desertion!
Ru welcomes you back!
Are you sure you want to abandon this character and quit the game? (Confirm with "yes".)

..###### #.####.#.#########.#
.......# #.#......##......#.#
..####.# #....'#######'.#.#.# .##
#.# ###..#...#...#.....#
.#####.######..#...#...#.##..#
...........##.##.......####..####
..............####._.######......
.#.###.###.#####.....[.#.....####
.#.###.###.....#p..#...#.....#
.........#))##.#...#...#.#.#.#
#######........'#######'.#.#.####
..##..###...#.....# #......#.....
.#.##...#...####### #############
#(..#._.'...# (#.##...#..##
((##..###..# ###########
#######....# #.........#


There were no monsters in sight!

Vanquished Creatures
  2 kobold demonologists (D:5)
  Grinder (D:5)
  2 black bears
  An ice beast (Temple)
  An ogre (D:4)
  7 kobold brigands
  A scorpion (D:5)
  2 jellies
  2 hounds
  An iguana (D:5)
  Ijyb (D:5)
  2 sleepcaps (D:5)
  An orc wizard (D:3)
  7 adders
  3 gnolls (D:4)
  4 river rats
  A shadow imp (D:5)
  3 worms
  3 dart slugs
  An orc (D:3)
  5 ball pythons
  9 endoplasms
  2 giant cockroaches
  12 goblins
  7 hobgoblins
  4 quokkas
  2 bats
  2 frilled lizards
  18 kobolds
  8 rats
115 creatures vanquished.

Notes
Turn   | Place    | Note
-------+----------+-------------------------------------------
     0 | D:1      | Dordric the Draconian Shapeshifter began the quest for the
                  | Orb.
     0 | D:1      | Reached XP level 1. HP: 16/16 MP: 1/1
   204 | D:1      | Reached XP level 2. HP: 22/23 MP: 2/2
   783 | D:2      | Reached XP level 3. HP: 28/28 MP: 3/3
  1153 | D:2      | Reached XP level 4. HP: 35/35 MP: 4/4
  1424 | D:3      | Found a hide-covered altar of Uskayaw.
  1424 | D:3      | Noticed a +0 spear
  1424 | D:3      | Noticed a +0 short sword
  1425 | D:3      | Noticed a +0 dagger
  1425 | D:3      | Noticed a +0 falchion
  1426 | D:3      | Noticed a +0 short sword
  1427 | D:3      | Noticed a +0 spear
  1427 | D:3      | Noticed a +0 dagger
  1427 | D:3      | Noticed a +0 falchion
  1567 | D:3      | Found a runed translucent gate.
  1567 | D:3      | Noticed Stellion's ghost (amateur SpBr)
  1568 | D:3      | Noticed a kobold brigand
  1569 | D:3      | Found a runed translucent gate.
  1569 | D:3      | Found a runed translucent gate.
  1640 | D:3      | Found a sacrificial altar of Ru.
  1655 | D:3      | Reached skill level 5 in Shapeshifting
  1671 | D:3      | Became a worshipper of Ru the Awakened
  2241 | D:4      | Noticed a black bear
  2260 | D:4      | Killed a black bear
  2261 | D:4      | Reached XP level 5. HP: 20/40 MP: 5/5
  2633 | D:4      | Reached XP level 6. HP: 17/47 MP: 6/6
  3102 | D:4      | Gained mutation: You are sensitive to extremes of
                  | temperature. (rF-, rC-) [Ru sacrifice]
  3102 | D:4      | Reached * piety under Ru
  3102 | D:4      | Reached ** piety under Ru
  3296 | D:5      | Entered Level 5 of the Dungeon
  3515 | D:5      | Reached skill level 4 in Unarmed Combat
  3515 | D:5      | Your scales start taking on a pale cyan-grey colour.
  3515 | D:5      | Reached XP level 7. HP: 52/52 MP: 7/7
  3515 | D:5      | Gained mutation: You are immune to the effects of steam.
                  | [Pale Draconian growth]
  3518 | D:5      | Noticed Ijyb
  3522 | D:5      | Killed Ijyb
  3570 | D:5      | Reached skill level 5 in Unarmed Combat
  3570 | D:5      | Noticed a kobold demonologist
  3587 | D:5      | Killed a kobold demonologist
  3588 | D:5      | Reached skill level 6 in Unarmed Combat
  3592 | D:5      | Reached XP level 8. HP: 33/59 MP: 8/8
  3629 | D:5      | Reached skill level 7 in Unarmed Combat
  3701 | D:5      | Found a staircase to the Ecumenical Temple.
  3707 | D:5      | Noticed Grinder
  3737 | D:5      | Killed Grinder
  3800 | D:5      | Reached skill level 8 in Unarmed Combat
  3822 | D:5      | Found a broken altar of Ashenzari.
  3924 | D:5      | Found a glowing drain.
  3928 | Sewer    | Entered a sewer
  4083 | Sewer    | Reached skill level 9 in Unarmed Combat
  4586 | D:5      | Noticed a kobold demonologist
  4597 | D:5      | Noticed a smoke demon
  4600 | D:5      | Killed a kobold demonologist
  4601 | D:5      | Reached skill level 10 in Unarmed Combat
  4601 | D:5      | Reached XP level 9. HP: 64/64 MP: 9/9
  4601 | D:5      | Found a glowing golden altar of the Shining One.
  4605 | D:5      | Found a shimmering altar of Xom.
  4605 | D:5      | Found a glowing golden altar of the Shining One.
  4625 | Temple   | Entered the Ecumenical Temple
  4663 | Temple   | Fell from the grace of Ru
  4663 | Temple   | Became a worshipper of Warmaster Okawaru
  4788 | D:3      | Fell from the grace of Okawaru
  4788 | D:3      | Became a worshipper of Ru the Awakened
  4792 | D:3      | Quit the game

Illustrated notes

Levels and vault maps discovered:
D:1:      spicycebolla_arrival_transporter_tutorial, layout_loops_ring
D:2:      layout_basic
D:3:      layout_loops_ring, nicolae_ru_great_annihilating_truth,
          nicolae_uskayaw_en_pointe, gammafunk_ghost_nasty_kobolds
D:4:      layout_cave_pods
D:5:      layout_loops_cross, nicolae_ashenzari_skybound, doesnt_xom_only_xom,
          minmay_temple_entry_tees, gup_sewer_entry_spiral,
          minmay_misc_feat_nine_boxes, dreamdust_mushroom_princess,
          nicolae_figureground_sparkle, uniq_grinder, uniq_ijyb
Temple:   chequers_temple_sunken

Skill      XL: |  1  2  3  4  5  6  7  8 |
---------------+-------------------------+-----
Shapeshifting  | 4 5 6 7 |  7.0
Unarmed Combat | 4 6 10 | 10.3
Fighting       | |  1.1
Dodging        | |  1.7

Action                     |  1- 3 |  4- 6 |  7- 9 || total
---------------------------+-------+-------+-------++-------
  Melee: Unarmed           |    82 |   132 |    98 ||   312
         Tailslap          |     9 |    11 |    11 ||    31
         Punch             |     3 |     3 |       ||     6
 Invoke: Sacrifice Resista |       |     1 |       ||     1
Ability: Breathe Steam     |       |       |    16 ||    16
    Use: Scroll            |       |     4 |       ||     4
   Stab: Sleeping          |       |     1 |       ||     1
 Armour: Skin              |    37 |    72 |    55 ||   164
  Dodge: Dodged            |    43 |    80 |    56 ||   179
   Form: Flux              |       |     1 |       ||     1

Table legend: (Time is in decaauts)
 A = Elapsed time spent in this place.
 B = Non-inter-level travel time spent in this place.
 C = Inter-level travel time spent in this place.
 D = Time resting spent in this place.
 E = Time spent auto-exploring this place.
 F = Levels seen in this place.
 G = Mean time per level.
                   A        B        C        D        E       F      G
               +--------+--------+--------+--------+--------+-----+--------+
         Total |   4928 |   4675 |    253 |    356 |   3212 |   7 |  704.0 |
       Dungeon |   4167 |   3928 |    239 |    186 |   2886 |   5 |  833.4 |
        Temple |    106 |     93 |     13 |      0 |      0 |   1 |  106.0 |
         Sewer |    655 |    655 |      0 |    170 |    326 |   1 |  655.0 |
               +--------+--------+--------+--------+--------+-----+--------+

Top non-repeatable levels by time:
     D:4: 1145 daAuts
     D:3: 891 daAuts
     D:5: 754 daAuts
     D:1: 734 daAuts
   Sewer: 655 daAuts
     D:2: 640 daAuts
  Temple: 106 daAuts
